 Dungeon Crawl Stone Soup version 0.27-a0-1438-g9b7c6745da (webtiles) character file.

Game seed: 1620748949246720270

7 Gargoyl the Skirmisher (level 2, -2/29 HPs)
             Began as a Gnoll Abyssal Knight on July 4, 2021.
             Was a Follower of Lugonu.
             Slain by a titan skeleton (14 damage)
             ... on level 2 of the Abyss.
             The game lasted 00:00:26 (73 turns).

Gargoyl the Skirmisher (Gnoll Abyssal Knight)         Turns: 73, Time: 00:00:26

Health: -2/29      AC:  9    Str: 11    XL:     2   Next: 0%
Magic:  5/5        EV:  5    Int: 11    God:    Lugonu [*.....]
Gold:   19         SH:  0    Dex: 11    Spells: 1/1 levels left

rFire    . . .     SeeInvis .   a - +1 hand axe
rCold    . . .     Faith    .   (no shield)
rNeg     . . .     Spirit   .   d - +0 chain mail
rPois    .         Reflect  .   (no helmet)
rElec    .         Harm     .   (no cloak)
rCorr    .         Rampage  .   (no gloves)
Will     .....                  (no boots)
Stlth    ..........             (no amulet)
HPRegen  0.09/turn              (no ring)
MPRegen  0.09/turn              (no ring)

@: no status effects
A: fangs 1, strong nose, distributed training
a: Renounce Religion, Depart the Abyss


You were on level 2 of the Abyss.
You worshipped Lugonu.
Lugonu was aware of your devotion.
You visited 0 branches of the dungeon, and saw 0 of its levels.
You visited the Abyss 1 time.

You collected 19 gold pieces.

Inventory:

Hand Weapons
 a - a +1 hand axe (weapon)
Armour
 b - a +0 leather armour
 d - a +0 chain mail (worn)
Miscellaneous
 c - a phantom mirror (inert)


   Skills:
 + Level 6.4 Fighting
 + Level 0.2 Short Blades
 + Level 0.2 Long Blades
 + Level 4.4 Axes
 + Level 0.2 Maces & Flails
 + Level 0.2 Polearms
 + Level 0.2 Staves
 + Level 0.2 Slings
 + Level 0.2 Bows
 + Level 0.2 Crossbows
 + Level 0.2 Throwing
 + Level 4.4 Armour
 + Level 2.4 Dodging
 + Level 0.2 Stealth
 + Level 0.2 Shields
 + Level 0.2 Unarmed Combat
 + Level 0.2 Spellcasting
 + Level 0.1 Conjurations
 + Level 0.1 Hexes
 + Level 0.1 Summonings
 + Level 0.1 Necromancy
 + Level 0.1 Translocations
 + Level 0.1 Transmutations
 + Level 0.1 Fire Magic
 + Level 0.1 Ice Magic
 + Level 0.1 Air Magic
 + Level 0.1 Earth Magic
 + Level 0.1 Poison Magic
 + Level 4.4 Invocations
 + Level 0.2 Evocations


You had one spell level left.
You didn't know any spells.
Your spell library was empty.

Dungeon Overview and Level Annotations

Branches:
Dungeon (0/15)

Altars:


Innate Abilities, Weirdness & Mutations

You have very sharp teeth.
Your uncanny sense of smell can sniff out nearby items.
Your experience applies equally to all skills.


Message History

c - a phantom mirror You now have 19 gold pieces (gained 11).
You see here a +0 chain mail.
d - a +0 chain mail You start removing your armour.
You continue taking off your +0 leather armour. x4
You finish taking off your +0 leather armour.
You start putting on your armour.
You continue putting on your +0 chain mail. x5
You finish putting on your +0 chain mail.
A white imp materialises.
The white imp shouts, "Slither home, thou quaking half-faced bum-bailey!"
You hit the white imp.
The white imp is lightly wounded.
The white imp hits you but does no damage.
You hit the white imp.
The white imp is heavily wounded.
The white imp hits you but does no damage.
You hit the white imp.
The white imp is almost dead.
A titan skeleton comes into view.
The white imp gestures at you. The puff of frost hits you.
You hit the white imp.
You kill the white imp!
You have reached level 2!
Aiming: Phantom Mirror
Press: ? - help, Dir - move target, f - titan skeleton
Aim: a titan skeleton You reflect the titan skeleton with the mirror!
The mirror clouds!
Unknown command.
Your titan skeleton hits the titan skeleton!
Unknown command.
Unknown command.
The titan skeleton hits you!
A starcursed mass splits.
The titan skeleton hits you!
A starcursed mass splits. x2
The titan skeleton hits you!
You die...

## ## . .# .#X#
#X. # ## ###X#
...# #.#X#### . #
#.#.##.# . #
###.##...#..#...
. .#.@Z##.......#
#.....#....##.#.#
.
...............#.
.#..#..#....#..##
# #
......##...##...#
# .#
#.#.#.#...#.#.#
..# #..
#.#.#.......#
.#.# ....#.... .
#....# .....# #


You could see 4 starcursed masses and a titan skeleton.

Vanquished Creatures
  A white imp (Abyss:2)
1 creature vanquished.

Notes
Turn   | Place    | Note
-------+----------+-------------------------------------------
     0 | Abyss:1  | Gargoyl the Gnoll Abyssal Knight began the quest for the
                  | Orb.
     0 | Abyss:1  | Reached XP level 1. HP: 23/23 MP: 3/3
    49 | Abyss:2  | Noticed a titan skeleton
    51 | Abyss:2  | Reached XP level 2. HP: 28/29 MP: 5/5
    70 | Abyss:2  | Noticed a starcursed mass
    73 | Abyss:2  | Slain by a titan skeleton

Illustrated notes

Levels and vault maps discovered:
Abyss:2:  base: Temple, evilmike_abyss_exit_4

Action                   || total
-------------------------++-------
Melee: Hand axe          ||     4
Evoke: Phantom mirror    ||     1
Armor: Chain mail        ||     2

Table legend: (Time is in decaauts)
 A = Elapsed time spent in this place.
 B = Non-inter-level travel time spent in this place.
 C = Inter-level travel time spent in this place.
 D = Time resting spent in this place.
 E = Time spent auto-exploring this place.
 F = Levels seen in this place.
 G = Mean time per level.
                   A        B        C        D        E       F      G
               +--------+--------+--------+--------+--------+-----+--------+
         Total |     73 |     73 |      0 |      0 |      6 |   2 |   36.5 |
         Abyss |     73 |     73 |      0 |      0 |      6 |   2 |   36.5 |
               +--------+--------+--------+--------+--------+-----+--------+

Top non-repeatable levels by time:
 Abyss:2: 61 daAuts
 Abyss:1: 12 daAuts
